 Dungeon Crawl Stone Soup version 0.30-a0-219-gf2db51d15e (webtiles) character file.

Game seed: 8671278754197065205

31823 ragingrage the Severer (level 13, -6/113 HPs)
             Began as a Ghoul Gladiator on Oct 7, 2022.
             Was an Initiate of Yredelemnul.
             Mangled by a ten-headed hydra (11 damage)
             ... on level 3 of the Lair of Beasts.
             The game lasted 00:21:36 (17408 turns).

ragingrage the Severer (Ghoul Gladiator)           Turns: 17408, Time: 00:21:36

Health: -6/113     AC: 21    Str: 23    XL:     13   Next: 60%
Magic:  18/18      EV: 12    Int:  9    God:    Yredelemnul [......]
Gold:   495        SH:  0    Dex: 10    Spells: 12/12 levels left

rFire   + . .      SeeInvis .    b - +2 trident (protect)
rCold   + . .      Faith    .    (no shield)
rNeg    + + +      Spirit   .    B - +1 ring mail of the Dragon {rF+}
rPois   ∞          Reflect  .    C - +2 helmet
rElec   .          Harm     .    M - +2 cloak
rCorr   .          Rampage  .    (no gloves)
Will    .....                    (no boots)
Stlth   ..........               (no amulet)
HPRegen 0.00/turn                u - ring of flight
MPRegen 0.16/turn                L - +6 ring of intelligence

@: under a protective aura, flying, inhibited regen, studying Ranged Weapons
A: claws 1, cold resistance 1, negative energy resistance 3, inhibited
regeneration, torment resistance 2, devour on kill
a: Renounce Religion, Recall Undead Harvest


You were on level 3 of the Lair of Beasts.
You worshipped Yredelemnul.
Yredelemnul was aware of your devotion.
You visited 3 branches of the dungeon, and saw 17 of its levels.
You also visited: Sewer.

You collected 966 gold pieces.
You spent 471 gold pieces at shops.

Inventory:

Hand Weapons
 a - the +6 war axe of Zoedeics {vorpal, Dex+7}
   (You found it on level 5 of the Dungeon)

   It inflicts extra damage upon your enemies.
   Dex:       It affects your dexterity (+7).
 b - a +2 trident of protection (weapon)
 G - a +3 shortbow
 I - a +0 arbalest
 J - a +2 battleaxe
Missiles
 d - 5 throwing nets
 e - 9 javelins
 y - 30 poisoned darts (quivered)
 E - 3 curare-tipped darts
 R - 6 silver boomerangs
 U - 14 boomerangs
Armour
 l - the +4 plate armour "Ysuuz" {rN+ Dex-3 SInv}
   (You found it on level 2 of the Lair of Beasts)

   Dex:       It affects your dexterity (-3).
   rN:        It protects you from negative energy.
   SInv:      It lets you see invisible.
 v - a +2 kite shield
 B - the +1 ring mail of the Dragon (worn) {rF+}
   (You found it on level 4 of the Dungeon)

   rF:        It protects you from fire.
 C - a +2 helmet (worn)
 M - a +2 cloak (worn)
Jewellery
 u - a ring of flight (left claw)
 D - a ring of wizardry
 L - a +6 ring of intelligence (right claw)
 Z - a ring of fire
Wands
 h - a wand of roots (26)
 K - a wand of paralysis (6)
 X - a wand of mindburst (3)
Scrolls
 c - 2 scrolls of amnesia
 j - 5 scrolls of fear
 k - 3 scrolls of vulnerability
 o - 6 scrolls of teleportation
 p - 7 scrolls of poison
 q - 3 scrolls of immolation
 r - 3 scrolls of identify
 x - 4 scrolls of blinking
 H - 5 scrolls of silence
 Q - 2 scrolls of enchant weapon
 S - 2 scrolls of magic mapping {unknown}
 T - 3 scrolls of brand weapon
 V - 3 scrolls of summoning
 W - a scroll of noise {unknown}
Potions
 f - 7 potions of curing
 g - 2 potions of invisibility
 i - 5 potions of attraction
 m - 7 potions of brilliance
 n - 9 potions of haste
 s - 3 potions of heal wounds {unknown}
 z - a potion of magic {unknown}
 A - 2 potions of might {unknown}
 F - 6 potions of ambrosia
 Y - a potion of resistance {unknown}


   Skills:
 + Level 10.1 Fighting
 - Level 16.0 Axes
 - Level 1.7 Throwing
 + Level 8.3 Armour
 - Level 4.0 Dodging
 + Level 8.1 Invocations


You had 12 spell levels left.
You didn't know any spells.
Your spell library contained the following spells:

 Spells                   Type           Power      Damage    Failure   Level
 Shock                    Conj/Air       0%         1d3       52%         1
 Ensorcelled Hibernation  Hex/Ice        0%         N/A       65%         2
 Passwall                 Tmut/Erth      0%         N/A       65%         2
 Static Discharge         Conj/Air       0%         2-2/arc   65%         2
 Lesser Beckoning         Tloc           0%         N/A       87%         3
 Swiftness                Air            0%         N/A       87%         3
 Vhi's Electric Charge    Tloc/Air       0%         N/A       87%         3
 Airstrike                Air            0%         2d(0-16)  99%         4
 Summon Ice Beast         Ice/Summ       0%         N/A       99%         4
 Arcjolt                  Conj/Air       0%         1d10      100%        5
 Borgnjor's Vile Clutch   Necr/Erth      0%         N/A       100%        5
 Lightning Bolt           Conj/Air       0%         1d11      100%        5
 Ozocubu's Refrigeration  Ice            0%         4d7       100%        7
 Summon Hydra             Summ           0%         N/A       100%        7
 Sublimation of Blood     Necr           Unusable   N/A       N/A         2
 Wereblood                Tmut           Unusable   N/A       N/A         2
 Animate Dead             Necr           Unusable   N/A       N/A         4
 Death Channel            Necr           Unusable   N/A       N/A         6

Dungeon Overview and Level Annotations

Branches:
Dungeon (13/15)            Temple (1/1) D:7            Lair (3/5) D:11
 Shoals (0/4) Lair:2        Snake (0/4) Lair:2          Orc (0/2) D:12
  Sewer (visited)
 Vaults: D:13-14

Altars:
Ashenzari
Cheibriados
Dithmenos
Fedhas
Gozag
Hepliaklqana
Kikubaaqudgha
Makhleb
Nemelex Xobeh
Okawaru
Qazlal
Ru
Sif Muna
Trog
Uskayaw
Vehumet
Wu Jian
Xom
Yredelemnul

Shops:
D:3 *   D:8 [([:(   D:12 *

Annotations:
D:2 exclusion: downstairs
D:5 4 runed translucent doors, Crazy Yiuf; billz999's ghost, novice DEAE
Lair:3 1 transporter


Innate Abilities, Weirdness & Mutations

You are immune to poison.
You have sharp fingernails.
Your flesh is cold resistant. (rC+)
You are immune to negative energy. (rN+++)
You do not regenerate when monsters are visible.
You are immune to unholy pain and torment.
You thrive by killing the living.


Message History

The ten-headed hydra closely misses you.
The ten-headed hydra misses you.
You hit the ten-headed hydra.
The ten-headed hydra is severely wounded.
The ten-headed hydra bites you but does no damage.
The ten-headed hydra bites you.
* * * LOW HITPOINT WARNING * * *
The ten-headed hydra closely misses you.
The ten-headed hydra bites you but does no damage. x3
The ten-headed hydra closely misses you.
The ten-headed hydra bites you but does no damage.
The ten-headed hydra misses you.
The ten-headed hydra closely misses you.
You hit the ten-headed hydra.
The ten-headed hydra is severely wounded.
You hit the ten-headed hydra.
The ten-headed hydra is severely wounded.
A nearby fungus withers and dies.
The ten-headed hydra bites you but does no damage.
The ten-headed hydra barely misses you.
The ten-headed hydra bites you but does no damage.
The ten-headed hydra closely misses you.
The ten-headed hydra bites you but does no damage.
The ten-headed hydra barely misses you.
The ten-headed hydra bites you but does no damage.
The ten-headed hydra bites you!
* * * LOW HITPOINT WARNING * * *
The ten-headed hydra completely misses you.
The ten-headed hydra misses you.
You puncture the ten-headed hydra!
The ten-headed hydra is almost dead.
The ten-headed hydra bites you.
* * * LOW HITPOINT WARNING * * *
The ten-headed hydra bites you.
* * * LOW HITPOINT WARNING * * *
The ten-headed hydra bites you!
* * * LOW HITPOINT WARNING * * *
The ten-headed hydra bites you!
You die...
Yredelemnul claims you as an undead slave.

######........
####.............
#....©...........
##..#####...P###^ #
#.###P©P###.##
###.###.##≈P^P§♣#.####
#....)..#w≈P^P≈##...<#
#.####..##§P^P≈w#.P..###
#.@#w≈P^§###.##..#.
.......D###§^P≈♣#.......
..####..# ≈P^P≈##....###
#..##≈P.P≈w#....P # #..#
# ####....# .... ....#.#
.... #....#.P .....
#...##.#


You could see a ten-headed hydra and a swamp worm.

Vanquished Creatures
  A hydra (Lair:2)
  2 boulder beetles
  4 two-headed ogres
  A death knight (D:12)
  Amaemon (D:9)
  Pikel (D:7)
  A cyclops (D:11)
  An ugly thing (D:13)
  A black mamba (Lair:3)
  3 cane toads
  4 unseen horrors
  Maggie (D:7)
  An orange demon (D:9)
  4 gargoyles
  4 komodo dragons
  A rime drake (Lair:3)
  2 kobold demonologists (D:12)
  A queen bee (D:9)
  5 trolls
  A hornet (D:10)
  2 shadows
  Sigmund (D:3)
  2 wyverns
  A wraith (D:12)
  38 yaks
  A basilisk (D:11)
  Grum (D:9)
  3 wargs (D:12)
  2 nagas (Lair:2)
  A water moccasin (Lair:1)
  2 acid dragons
  6 orc warriors
  A sky beast (D:8)
  A black bear (D:8)
  8 centaurs
  2 ogres
  9 wolves
  A phantom (D:6)
  3 kobold brigands (D:12)
  9 bullfrogs
  2 gnoll sergeants (D:8)
  A necrophage (D:5)
  A scorpion (D:7)
  7 wights
  19 killer bees
  An electric eel (D:11)
  3 howler monkeys
  4 jellies
  An orc priest (D:5)
  2 hounds (D:6)
  A gnoll bouda (D:7)
  15 iguanas
  3 orc wizards
  Robin (D:4)
  15 gnolls
  12 adders
  A white imp (D:6)
  2 ufetubi
  3 worms (D:3)
  3 dart slugs
  26 orcs
  12 endoplasms
  8 giant cockroaches
  13 goblins
  17 hobgoblins
  3 jackals (D:3)
  10 quokkas (Sewer)
  21 ball pythons
  4 bats
  16 frilled lizards
  11 kobolds
  6 rats
378 creatures vanquished.

Vanquished Creatures (collateral kills)
  The ghost of Monkooky the Dealer of Despair, a journeyman BaRe of Kikubaaqudgha (D:10)
  A two-headed ogre (D:11)
  A rime drake (D:11)
  2 cane toads (Lair:2)
  2 komodo dragons (D:11)
  A water elemental (D:11)
  3 yaks
  A wraith (D:9)
  3 wyverns
  A basilisk (D:11)
  An acid dragon (D:11)
  A naga (Lair:2)
  A water moccasin (Lair:2)
  A black bear (Lair:2)
  3 centaurs
  A kobold brigand (D:10)
  6 killer bees
  4 iguanas (D:11)
  A gnoll (D:8)
  2 orcs (D:11)
  10 frilled lizards (D:11)
  A kobold (D:12)
48 creatures vanquished.

Vanquished Creatures (others)
  2 unseen horror zombies (D:12)
  A black mamba zombie (Lair:3)
  2 two-headed ogre zombies
  2 komodo dragon zombies
  A cyclops zombie (D:11)
  2 wyvern zombies
  8 yak zombies
  A troll zombie (D:11)
  2 wolf zombies
  A black bear zombie (Lair:2)
  A centaur zombie (Lair:2)
  3 killer bee zombies (D:9)
  An acid dragon zombie (D:11)
  2 iguana zombies (D:11)
  9 frilled lizard zombies (D:11)
  2 gnoll zombies (D:8)
  3 kobold zombies
  4 orc zombies
  A bush (Lair:2)
  9 fungi
  44 plants
101 creatures vanquished.

Grand Total: 527 creatures vanquished

Notes
Turn   | Place    | Note
-------+----------+-------------------------------------------
     0 | D:1      | ragingrage the Ghoul Gladiator began the quest for the Orb.
     0 | D:1      | Reached XP level 1. HP: 17/17 MP: 0/0
    84 | D:1      | Reached skill level 3 in Axes
   105 | D:1      | Reached XP level 2. HP: 17/24 MP: 1/1
   391 | D:1      | Reached XP level 3. HP: 29/29 MP: 2/2
   617 | D:1      | Reached skill level 4 in Axes
   920 | D:2      | Found a faded altar of an unknown god.
  1439 | D:2      | Reached XP level 4. HP: 20/36 MP: 3/3
  1928 | D:3      | Noticed Robin
  1928 | D:3      | Noticed Sigmund
  2235 | D:3      | Found a glowing drain.
  2295 | Sewer    | Entered a sewer
  2374 | Sewer    | Reached skill level 5 in Axes
  2375 | Sewer    | Reached XP level 5. HP: 40/41 MP: 4/4
  2788 | Sewer    | Reached skill level 6 in Axes
  2788 | Sewer    | Reached XP level 6. HP: 48/48 MP: 5/5
  3838 | D:4      | Identified the +1 ring mail of the Dragon {rF+}
  4083 | D:4      | Killed Robin
  4143 | D:3      | Killed Sigmund
  4144 | D:3      | Reached skill level 7 in Axes
  4144 | D:3      | Reached XP level 7. HP: 55/55 MP: 6/6
  4155 | D:3      | Found Cymusug's General Store.
  4168 | D:3      | Bought a scroll of fear for 44 gold pieces
  4168 | D:3      | Bought a potion of haste for 110 gold pieces
  4168 | D:3      | Bought a potion of invisibility for 88 gold pieces
  4355 | D:5      | Entered Level 5 of the Dungeon
  4355 | D:5      | Found a runed translucent gate.
  4355 | D:5      | Found a runed translucent gate.
  4355 | D:5      | Found a runed translucent gate.
  4355 | D:5      | Found an opulent altar of Gozag.
  4571 | D:5      | Found a runed translucent door.
  4572 | D:5      | Noticed Crazy Yiuf
  4699 | D:5      | Reached skill level 8 in Axes
  4903 | D:5      | Identified the +6 war axe of Zoedeics {vorpal, Dex+7}
  4963 | D:5      | Reached XP level 8. HP: 61/61 MP: 7/7
  5182 | D:5      | Noticed billz999's ghost (novice DEAE)
  5220 | D:5      | Reached skill level 9 in Axes
  6165 | D:7      | Noticed Maggie
  6181 | D:7      | Killed Maggie
  6182 | D:7      | Reached skill level 10 in Axes
  6307 | D:7      | Reached XP level 9. HP: 62/67 MP: 8/8
  6329 | D:7      | Noticed a gargoyle
  6667 | D:6      | Killed a gargoyle
  6668 | D:6      | Reached skill level 11 in Axes
  7294 | D:7      | Found a staircase to the Ecumenical Temple.
  7313 | D:7      | Noticed Pikel
  7321 | D:7      | Killed Pikel
  7322 | D:7      | Reached skill level 12 in Axes
  7327 | Temple   | Entered the Ecumenical Temple
  7542 | Temple   | Became a worshipper of Yredelemnul the Dark
  7793 | D:7      | Reached * piety under Yredelemnul
  7979 | D:8      | Found Fiadelu's Armour Shoppe.
  8036 | D:8      | Found Raxappu's Armour Emporium.
  8283 | D:8      | Reached ** piety under Yredelemnul
  8335 | D:8      | Found a faded altar of an unknown god.
  8346 | D:8      | Reached XP level 10. HP: 37/73 MP: 6/9
  8347 | D:8      | Reached *** piety under Yredelemnul
  8348 | D:8      | Reached skill level 13 in Axes
  8355 | D:8      | Found a faded altar of an unknown god.
  8355 | D:8      | Found a hazy altar of Hepliaklqana.
  8633 | D:8      | Reached **** piety under Yredelemnul
  8791 | D:8      | Reached ***** piety under Yredelemnul
  8908 | D:8      | Found Leollioss's Book Emporium.
  8931 | D:8      | Found Ujuneypt's Weapon Emporium.
  9070 | D:8      | Found Qeohopea's Antique Weapon Emporium.
  9078 | D:8      | Bought an ebony war axe for 229 gold pieces
  9078 | D:8      | Identified the +1 war axe "Widowmaker" {elec, Stlth+} (You
                  | bought it in a shop on level 8 of the Dungeon)
  9153 | D:9      | Noticed Grum
  9173 | D:9      | Killed Grum
  9247 | D:9      | Reached skill level 14 in Axes
  9701 | D:9      | Reached skill level 15 in Axes
  9701 | D:9      | Reached XP level 11. HP: 79/79 MP: 10/10
  9923 | D:9      | Reached ****** piety under Yredelemnul
  9987 | D:9      | Noticed Amaemon
  9988 | D:9      | Found a stormy altar of Qazlal.
 10008 | D:9      | Killed Amaemon
 10009 | D:9      | Reached skill level 1 in Invocations
 10220 | D:9      | Reached skill level 1 in Armour
 10369 | D:9      | Got Sif Muna's Grimoire of the Frostbitten Voyage
 10884 | D:10     | Entered Level 10 of the Dungeon
 10924 | D:10     | Found a runed translucent door.
 10924 | D:10     | Noticed Monkooky's ghost (journeyman BaRe)
 11360 | D:10     | Noticed a two-headed ogre
 11365 | D:10     | Killed a two-headed ogre
 11548 | D:10     | Found a sparkling altar of Nemelex Xobeh.
 11549 | D:10     | Found a broken altar of Ashenzari.
 11558 | D:10     | Found a shimmering altar of Xom.
 11558 | D:10     | Found a shadowy altar of Dithmenos.
 11647 | D:10     | Reached skill level 16 in Axes
 11769 | D:10     | Found a bloodstained altar of Trog.
 11913 | D:10     | Reached XP level 12. HP: 88/92 MP: 13/13
 11986 | D:10     | Killed Monkooky's ghost
 11987 | D:10     | Reached skill level 5 in Fighting
 12087 | D:11     | Noticed a two-headed ogre
 12100 | D:11     | Killed a two-headed ogre
 12291 | D:11     | Reached skill level 5 in Invocations
 12295 | D:11     | Found a staircase to the Lair.
 12557 | D:11     | Noticed a two-headed ogre
 12568 | D:11     | Killed a two-headed ogre
 12578 | D:11     | Noticed a two-headed ogre
 12582 | D:11     | Killed a two-headed ogre
 12583 | D:11     | Reached skill level 5 in Armour
 12963 | D:11     | Identified the +0 pair of boots "Umpygice" {rPois rF-
                  | Str+3}
 13308 | D:12     | Noticed a two-headed ogre
 13315 | D:12     | Killed a two-headed ogre
 13391 | D:12     | Found a staircase to the Orcish Mines.
 13985 | D:12     | Found Geah's Neck Hole.
 14244 | D:12     | Reached XP level 13. HP: 107/107 MP: 17/17
 15130 | D:13     | Noticed a rakshasa
 15267 | Lair:1   | Entered Level 1 of the Lair of Beasts
 15320 | Lair:1   | Identified the +2 robe "Iguog" {Drain rC+ Regen+ Dex+4}
 16327 | Lair:2   | Found a staircase to the Shoals.
 16350 | Lair:2   | Found a staircase to the Snake Pit.
 16760 | Lair:2   | Identified the +4 plate armour "Ysuuz" {rN+ Dex-3 SInv}
 16899 | Lair:2   | Reached skill level 10 in Fighting
 17385 | Lair:3   | Found a transporter.
 17408 | Lair:3   | HP: 5/113 [ten-headed hydra (8)]
 17408 | Lair:3   | Mangled by a ten-headed hydra

Illustrated notes

Levels and vault maps discovered:
D:1:      onia_arrival_pyramid, layout_basic, chequers_serial_rivers_small_a
D:2:      layout_loops_ring, shapermc_ecumenical_altar_mp_ritualfount,
          serial_forest, infiniplex_forest_zigzag_1, infiniplex_forest_clump_C,
          infiniplex_forest_lined_2, infiniplex_forest_lined_room_,
          infiniplex_forest_straight_1, minmay_stone_trees_small
D:3:      layout_loops_cross, serial_shops, nicolae_lakefront_shop,
          cheibrodos_sewer_entry_bend, uniq_sigmund, uniq_robin
D:4:      layout_loops_ring, kennysheep_generic_room_11
D:5:      layout_loops_ring, ebering_ghost_gozag, minmay_crystal_room,
          uniq_crazy_yiuf_cottage
D:6:      layout_loops_ring
D:7:      layout_loops_cross, minmay_temple_entry_gardened_gates,
          minmay_manual_monstrance, uniq_pikel, uniq_maggie
D:8:      layout_basic, nicolae_hepliaklqana_ecumenical_no_more, serial_shops,
          nicolae_stop_n_shop_1, nicolae_shop_hallway_stairs,
          kennysheep_mini_moat, shop, shop_statue
D:9:      argonaut_augean_stables, layout_basic,
          nicolae_qazlal_eye_of_the_storm, special_room [special_room_bee],
          serial_bayou_pond_b, chequers_hall_statues_y, uniq_amaemon, uniq_grum
D:10:     layout_roguey, nicolae_overflow_hidden_temple,
          mainiacjoe_overflow_alcove_3, hellmonk_ghost_happy_afterlife,
          chequers_serial_rivers_room_b
D:11:     lemuel_reptile_caves, layout_rooms, erik_lair_dragon
D:12:     layout_loops_cross, david_orc_1_choice, serial_co_window_serial,
          co_window_paths_b, co_window_paths_a, co_window_corner_a,
          co_window_corner_a, co_window_corner_a, co_window_corner_a,
          co_window_corner_a, co_window_unsneaky_path_e, co_window_paths_c,
          co_window_broadway_b, glass_columns_b, glass_columns_a,
          glass_columns_a, nicolae_shop_sticking_my_neck_out
D:13:     layout_roguey, david_vaults_1, nicolae_elemental_shop, uniq_lodul,
          uniq_kirke
Temple:   nicolae_temple_bog_church
Lair:1:   layout_long_grid
Lair:2:   layout_regular_city, minmay_shoals_entry_centaurs,
          minmay_snake_entry_guardpost_small, grunt_megastairs_1
Lair:3:   gammafunk_worm_tunnel, layout_loops_ring, basic_altar,
          grunt_forest_stairs_clearing, uniq_fannar

Skill      XL: |  1  2  3  4  5  6  7  8  9 10 11 12 13 |
---------------+----------------------------------------+-----
Axes           | 3 4 5 6 7 8 10 12 15 16 | 16.0
Invocations    | 3 7 8 |  8.1
Armour         | 3 6 8 |  8.3
Dodging        | 4 |  4.0
Fighting       | 4 8 10 | 10.1
Throwing       | |  1.7

Action                   |  1- 3 |  4- 6 |  7- 9 | 10-12 | 13-15 || total
-------------------------+-------+-------+-------+-------+-------++-------
Melee: War axe           |    44 |       |   179 |   464 |   154 ||   841
       Trident           |    61 |   265 |    61 |       |    11 ||   398
       Punch             |       |     1 |     1 |    10 |     3 ||    15
Throw: Dart              |       |     3 |    10 |     4 |     3 ||    20
       Throwing net      |       |       |     2 |       |       ||     2
Invok: Recall Undead Har |       |       |     1 |     8 |     2 ||    11
       Dark Bargain      |       |       |       |     1 |     1 ||     2
       Bind Soul         |       |       |       |     1 |       ||     1
       Stop Recall       |       |       |       |       |     1 ||     1
Evoke: Wand              |       |     1 |       |       |       ||     1
  Use: Scroll            |       |     1 |       |       |    15 ||    16
       Potion            |       |       |     2 |       |       ||     2
 Stab: Sleeping          |     1 |       |       |       |       ||     1
       Distracted        |       |       |     2 |     4 |     1 ||     7
       Held in net/web   |       |       |     2 |       |       ||     2
Armor: Leather armour    |    28 |    64 |       |       |       ||    92
       Ring mail         |       |    11 |    77 |   159 |    83 ||   330
Dodge: Dodged            |    61 |   170 |   143 |   219 |   139 ||   732
Block: Kite shield       |       |       |     1 |       |       ||     1

Table legend: (Time is in decaauts)
 A = Elapsed time spent in this place.
 B = Non-inter-level travel time spent in this place.
 C = Inter-level travel time spent in this place.
 D = Time resting spent in this place.
 E = Time spent auto-exploring this place.
 F = Levels seen in this place.
 G = Mean time per level.
                   A        B        C        D        E       F      G
               +--------+--------+--------+--------+--------+-----+--------+
         Total |  17359 |  16458 |    901 |   1912 |  11447 |  18 |  964.4 |
       Dungeon |  14377 |  13548 |    829 |   1572 |   9448 |  13 | 1105.9 |
        Temple |    231 |    193 |     38 |      0 |    183 |   1 |  231.0 |
          Lair |   2104 |   2070 |     34 |    198 |   1612 |   3 |  701.3 |
         Sewer |    646 |    646 |      0 |    142 |    203 |   1 |  646.0 |
               +--------+--------+--------+--------+--------+-----+--------+

Top non-repeatable levels by time:
    D:12: 1868 daAuts
     D:9: 1715 daAuts
     D:6: 1305 daAuts
    D:11: 1178 daAuts
  Lair:2: 1144 daAuts
     D:8: 1142 daAuts
    D:10: 1113 daAuts
     D:4: 1104 daAuts
     D:7: 1096 daAuts
     D:2: 990 daAuts
     D:1: 963 daAuts
     D:5: 894 daAuts
     D:3: 890 daAuts
   Sewer: 646 daAuts
  Lair:1: 587 daAuts
